 Dungeon Crawl Stone Soup version 0.20-a0-1008-g0de3dc5 (webtiles) character file.

615 winWinterter the Slasher (level 7, 0/52 HPs)
             Began as a Demonspawn Gladiator on Apr 13, 2017.
             Was a Follower of Kikubaaqudgha.
             Slain by Pikel
             ... wielding a +1 whip of electrocution
              (5 damage)
             ... on level 5 of the Dungeon on Apr 14, 2017.
             The game lasted 00:11:53 (5064 turns).

winWinterter the Slasher (Demonspawn Gladiator)     Turns: 5064, Time: 00:11:54

Health: 0/52       AC:  4    Str: 14    XL:     7   Next: 21%
Magic:  19/19      EV: 13    Int: 14    God:    Kikubaaqudgha [*.....]
Gold:   126        SH:  0    Dex: 17    Spells: 7/10 levels left

rFire    . . .     SeeInvis .   l - +7 falchion "Hocriur" {freeze, Dex+3}
rCold    + . .     Gourm    .   (no shield)
rNeg     . . .     Faith    .   b - +0 leather armour
rPois    .         Spirit   .   (helmet restricted)
rElec    .         Reflect  .   (no cloak)
rCorr    +         Harm     .   (no gloves)
MR       .....                  w - +0 pair of boots
Stlth    +.........             (no amulet)
Regen    0.2/turn               i - ring of resist corrosion
MPRegen  0.2/turn               n - ring of magical power

@: no status effects
A: antennae 2, talons 1, molten scales 1, clever 1, cold resistance 1, deformed
body, freezing cloud immunity
a: Receive Corpses, Renounce Religion


You were on level 5 of the Dungeon.
You worshipped Kikubaaqudgha.
Kikubaaqudgha was aware of your devotion.
You were not hungry.

You visited 1 branch of the dungeon, and saw 5 of its levels.

You collected 126 gold pieces.

Inventory:

Hand Weapons
 a - a +1 long sword
 l - the +7 falchion "Hocriur" (weapon) {freeze, Dex+3}
   (You found it on level 4 of the Dungeon)

   It has been specially enchanted to freeze those struck by it, causing extra
   injury to most foes and up to half again as much damage against particularly
   susceptible opponents.
   It can also slow down cold-blooded creatures.
   It affects your dexterity (+3).
Missiles
 d - 3 throwing nets (quivered)
Armour
 b - a +0 leather armour (worn)
 c - a +0 helmet
 w - a +0 pair of boots (worn)
Jewellery
 i - a ring of resist corrosion (left hand)
 n - a ring of magical power (right hand)
 q - an uncursed amulet of guardian spirit {unknown}
 v - an uncursed ring of wizardry {unknown}
Scrolls
 e - 2 scrolls of remove curse
 g - 5 scrolls of identify
 o - a scroll of enchant weapon
Potions
 t - a potion of brilliance
Books
 u - Kikubaaqudgha's Disquisition on Evil Rites
   (Kikubaaqudgha gifted it to you on level 3 of the Dungeon)

   Spells                             Type                      Level
   a - Animate Skeleton               Necromancy                   1
   b - Corpse Rot                     Necromancy                   2
   c - Sublimation of Blood           Necromancy                   2
   d - Regeneration                   Charms/Necromancy            3
   e - Control Undead                 Necromancy                   4
Comestibles
 f - 4 bread rations
 j - 9 chunks of flesh
 r - a royal jelly


   Skills:
 + Level 3.4 Fighting
 * Level 5.1 Long Blades
 + Level 1.9 Throwing
 - Level 1.5 Armour
 - Level 3.3 Dodging
 - Level 0.2 Stealth
 * Level 2.1 Spellcasting
 * Level 1.9 Charms
 * Level 2.2 Necromancy


You had 7 spell levels left.
You knew the following spells:

 Your Spells              Type           Power        Failure   Level  Hunger
a - Regeneration          Chrm/Necr      #.........   38%         3    ###....


Dungeon Overview and Level Annotations

Branches:
Dungeon (5/15)             Temple (0/1) D:5

Altars:
Hepliaklqana
Kikubaaqudgha
Nemelex Xobeh
Okawaru
Trog
Vehumet
Yredelemnul

Shops:
D:5 ***[

Annotations:
D:5 Pikel


Innate Abilities, Weirdness & Mutations

You have a pair of antennae on your head.
You are partially covered in molten scales. (AC +2)
Your flesh is cold resistant. (rC+)
You are immune to freezing clouds.
You have sharp toenails.
Your mind is acute. (Int +2)
Armour fits poorly on your strangely shaped body.


Message History

Okay, then.
Okay, then.
Pikel cracks his whip.
Pikel cracks his whip.
Pikel hits you but does no damage.
You are electrocuted!
* * * LOW HITPOINT WARNING * * *
Okay, then.
Okay, then.
Okay, then.
Okay, then.
Drop what? 18/52 slots (_ for help) (? for menu, Esc to quit)
Okay, then.
Okay, then.
Pikel says, "You will build my throne, and die beneath it!"
Pikel sighs. "I should capture elves; my bodyguards all look the same!"
You hit Pikel.
Pikel is moderately wounded.
Pikel hits you with a whip of electrocution.
You die...
Kikubaaqudgha rasps: "You have failed me!
Welcome... death!"

###.รท###
###....>..
#.........
#.........
#..#......
#.........
#...###### ###
###### #
#@######..## ##
##Kp.ppp...## ##.
#####......####..
#..............
#####.........#
#...####### #..##
#..## ####


You could see Pikel and 4 slaves.

Vanquished Creatures
  2 ogres
  A scorpion (D:4)
  2 crimson imps (D:5)
  2 hounds
  An iguana (D:4)
  3 worker ants (D:4)
  5 adders
  2 oozes
  An adder zombie (D:5)
  3 worms
  A dart slug (D:1)
  5 leopard geckos
  7 orcs (D:3)
  2 ball pythons
  5 giant cockroaches
  5 goblins
  10 hobgoblins
  12 jackals
  5 quokkas
  9 bats
  3 frilled lizards
  A jackal zombie (D:5)
  9 kobolds
  A leopard gecko skeleton (D:4)
  5 rats
102 creatures vanquished.

Notes
Turn   | Place    | Note
-------+----------+-------------------------------------------
     0 | D:1      | winWinterter the Demonspawn Gladiator began the quest for the Orb.
     0 | D:1      | Reached XP level 1. HP: 16/16 MP: 1/1
   475 | D:1      | Gained mutation: You are partially covered in molten scales. (AC +2) [demonic ancestry]
   475 | D:1      | Reached XP level 2. HP: 22/22 MP: 2/2
   614 | D:1      | Reached skill level 3 in Long Blades
  1062 | D:1      | Gained mutation: Your flesh is cold resistant. (rC+) [demonic ancestry]
  1062 | D:1      | Reached XP level 3. HP: 25/28 MP: 3/3
  1431 | D:2      | Found a sparkling altar of Nemelex Xobeh.
  1614 | D:2      | Found a hazy altar of Hepliaklqana.
  1615 | D:2      | Found a basalt altar of Yredelemnul.
  1617 | D:2      | Found an ancient bone altar of Kikubaaqudgha.
  1617 | D:2      | Found a bloodstained altar of Trog.
  1617 | D:2      | Found a radiant altar of Vehumet.
  1623 | D:2      | Found an iron altar of Okawaru.
  1690 | D:2      | Became a worshipper of Kikubaaqudgha
  1908 | D:3      | Reached XP level 4. HP: 34/34 MP: 4/4
  2072 | D:3      | Reached skill level 4 in Long Blades
  2593 | D:3      | Reached * piety under Kikubaaqudgha
  2593 | D:3      | Identified Kikubaaqudgha's Disquisition on Evil Rites (Kikubaaqudgha gifted it to you on level 3 of the Dungeon)
  2593 | D:3      | Received a gift from Kikubaaqudgha
  2602 | D:3      | Learned a level 3 spell: Regeneration
  2602 | D:3      | Upgraded the game from 0.20-a0-1006-ge6c5631 to 0.20-a0-1008-g0de3dc5
  2887 | D:4      | Gained mutation: You have a pair of small antennae on your head. [demonic ancestry]
  2887 | D:4      | Reached XP level 5. HP: 38/40 MP: 5/5
  3610 | D:4      | Reached skill level 1 in Armour
  3685 | D:4      | Noticed an ogre
  3699 | D:4      | Killed an ogre
  3699 | D:4      | Reached skill level 1 in Spellcasting
  3699 | D:4      | Reached skill level 1 in Necromancy
  3699 | D:4      | Gained mutation: You have a pair of antennae on your head. [demonic ancestry]
  3699 | D:4      | Reached XP level 6. HP: 26/47 MP: 7/7
  3877 | D:4      | Reached skill level 1 in Charms
  4274 | D:4      | Gained mutation: You are resistant to hostile enchantments. (MR+) [potion of mutation]
  4274 | D:4      | Gained mutation: Your flesh is very cold resistant. (rC++) [potion of mutation]
  4274 | D:4      | Gained mutation: Armour fits poorly on your strangely shaped body. [potion of mutation]
  4274 | D:4      | Gained mutation: Your mind is acute. (Int +2) [potion of mutation]
  4594 | D:4      | Got a faintly glowing falchion
  4595 | D:4      | Identified the +7 falchion "Hocriur" {freeze, Dex+3} (You found it on level 4 of the Dungeon)
  4625 | D:5      | Entered Level 5 of the Dungeon
  4685 | D:5      | Found Cytita Ampi's Assorted Antiques.
  4686 | D:5      | Found Fonn's Assorted Antiques.
  4690 | D:5      | Found Utticw's Antique Armour Boutique.
  4691 | D:5      | Found Pameten's General Store.
  4713 | D:5      | Lost mutation: Your mind is acute. (Int +2) [potion of mutation]
  4713 | D:5      | Lost mutation: You are resistant to hostile enchantments. (MR+) [potion of mutation]
  4713 | D:5      | Lost mutation: Your flesh is very cold resistant. (rC++) [potion of mutation]
  4713 | D:5      | Gained mutation: Your spells are a little easier to cast, but a little less powerful. [potion of mutation]
  4713 | D:5      | Gained mutation: Your mind is acute. (Int +2) [potion of mutation]
  4713 | D:5      | Gained mutation: You have sharp toenails. [potion of mutation]
  4713 | D:5      | Lost mutation: Your spells are a little easier to cast, but a little less powerful. [potion of mutation]
  4723 | D:5      | Gained mutation: You are immune to freezing clouds. [demonic ancestry]
  4723 | D:5      | Reached XP level 7. HP: 52/52 MP: 9/9
  4870 | D:5      | Reached skill level 5 in Long Blades
  4999 | D:5      | Found a staircase to the Ecumenical Temple.
  5002 | D:5      | Noticed Pikel
  5035 | D:5      | HP: 1/52 [Pikel/whip of electrocution (3)]
  5064 | D:5      | Slain by Pikel

Vault maps used:
D:1:      dpeg_arrival_radiant, minivault_5
D:2:      grunt_temple_overflow_open, corexii_item_surrounded_by_moat,
          grunt_decor_resistance, serial_bayou_ford_a,
          nemelex_xobeh_ov_fountains_minmay
D:4:      first_bread
D:5:      cheibrodos_helix_gallery, minmay_temple_entry_mist,
          minmay_shop_grid_forest, uniq_pikel

Skill      XL: |  1  2  3  4  5  6  7 |
---------------+----------------------+-----
Long Blades    | 3 4 5 |  5.1
Dodging        | 3 |  3.3
Fighting       | 3 |  3.4
Armour         | 1 |  1.5
Spellcasting   | 1 2 |  2.1
Necromancy     | 1 2 |  2.2
Charms         | 1 |  1.9
Throwing       | |  1.9
Stealth        | |  0.2

Action                   |  1- 3 |  4- 6 |  7- 9 || total
-------------------------+-------+-------+-------++-------
Melee: Long sword        |   106 |   202 |       ||   308
       Falchion          |       |     5 |    45 ||    50
  Use: Potion            |       |     4 |     1 ||     5
       Scroll            |       |     7 |       ||     7
 Stab: Sleeping          |     1 |     1 |       ||     2
  Eat: Chunk             |     2 |     8 |     2 ||    12
       Fruit             |       |     2 |       ||     2
Armor: Leather armour    |    36 |    44 |     8 ||    88
Dodge: Dodged            |    92 |   148 |    23 ||   263
       Rpst.: Long sword |    24 |    42 |       ||    66
       Falchion          |       |     2 |     2 ||     4
